 Dungeon Crawl Stone Soup version 0.27.1-15-g792fb953b9 (webtiles) character file.

Game seed: 11055362130342897795

10469 belegose the Nimble (level 11, -7/79 HPs)
             Began as a Djinni Transmuter on Nov 20, 2021.
             Was a Priest of Makhleb.
             Mangled by an eight-headed hydra (10 damage)
             ... on level 12 of the Dungeon.
             The game lasted 00:49:04 (17650 turns).

belegose the Nimble (Djinni Transmuter)            Turns: 17650, Time: 00:49:06

Health: -7/79      AC:  8    Str: 12    XL:     11   Next: 93%
Gold:   723        EV: 20    Int: 14    God:    Makhleb [***...] SH:  0 Dex: 15

rFire    + + .     SeeInvis +     - Unarmed
rCold    + + .     Faith    .   (no shield)
rNeg     . . .     Spirit   .   A - +4 skin of Zhor {*Englaciate rC+++ SInv}
rPois    ∞         Reflect  .   j - +0 helmet
rElec    .         Harm     .   y - +0 cloak
rCorr    .         Rampage  .   (no gloves)
Will     +....                  (boots unavailable)
Stlth    +++.......             r - amulet of the acrobat
HPRegen  0.23/turn              i - ring of see invisible
MPRegen  0.00/turn              F - +4 ring of evasion

@: about to teleport, flying
A: sickness immunity, fire resistance 2, cold vulnerability 1, float, innate
caster, hp casting, extra vitality 1
a: Renounce Religion, Minor Destruction, Lesser Servant of Makhleb


You were on level 12 of the Dungeon.
You worshipped Makhleb.
Makhleb was most pleased with you.
You visited 2 branches of the dungeon, and saw 13 of its levels.
You also visited: Sewer.

You collected 723 gold pieces.

Inventory:

Missiles
 d - 344 stones
 e - 11 javelins (quivered)
 u - 41 poisoned darts
 v - 3 throwing nets
 N - a curare-tipped dart
 P - 5 boomerangs
Armour
 j - a +0 helmet (worn)
 y - a +0 cloak (worn)
 A - the +4 skin of Zhor (worn) {*Englaciate rC+++ SInv}
   (You found it on level 6 of the Dungeon)

   It radiates cold, occasionally slowing all nearby creatures who are not
   resistant to cold.
   rC:        It renders you almost immune to cold.
   SInv:      It lets you see invisible.
 E - a +0 pair of gloves
Jewellery
 i - a ring of see invisible (left hand)
 r - an amulet of the acrobat (around neck)
 B - a ring of fire
 F - a +4 ring of evasion (right hand)
 J - a ring of fire
Wands
 z - a wand of polymorph (10)
 H - a wand of digging (4)
 I - a wand of paralysis (7)
 L - a wand of mindburst (9)
 O - a wand of flame (17)
Scrolls
 b - a scroll of amnesia {unknown}
 c - 5 scrolls of magic mapping
 g - 2 scrolls of holy word {unknown}
 h - a scroll of enchant weapon {unknown}
 n - a scroll of summoning {unknown}
 o - 5 scrolls of blinking
 p - 3 scrolls of fog
 q - 2 scrolls of enchant armour {unknown}
 s - 5 scrolls of teleportation
 t - 2 scrolls of silence {unknown}
 x - a scroll of fear {unknown}
 D - 2 scrolls of acquirement {unknown}
 G - a scroll of noise {unknown}
 K - 3 scrolls of immolation
Potions
 a - 2 potions of haste
 f - 2 potions of might
 k - a potion of lignification
 l - 2 potions of cancellation
 m - a potion of heal wounds
 w - a potion of attraction
 C - a potion of mutation
 M - 2 potions of curing


   Skills:
 + Level 7.6 Fighting
 + Level 8.7 Dodging
 + Level 6.8 Stealth
 + Level 8.3 Unarmed Combat
 + Level 6.0 Spellcasting
 + Level 6.0 Invocations


You couldn't memorise any spells.
You knew the following spells:

 Your Spells              Type           Power      Damage    Failure   Level
a - Beastly Appendage     Tmut           42%        N/A       1%          1
b - Wereblood             Tmut           21%        N/A       1%          2
c - Spider Form           Tmut/Pois      10%        N/A       4%          3
d - Ice Form              Ice/Tmut       21%        N/A       13%         4
e - Corona                Hex            23%        N/A       1%          1
f - Static Discharge      Conj/Air       21%        N/A       1%          2
g - Call Canine Familiar  Summ           21%        N/A       4%          3
h - Leda's Liquefaction   Hex/Erth       10%        N/A       13%         4
i - Summon Ice Beast      Ice/Summ       21%        N/A       13%         4
Your spell library was empty.

Dungeon Overview and Level Annotations

Branches:
Dungeon (12/15)            Temple (1/1) D:5           Sewer (visited)
   Lair: D:8-11         Orc: D:9-12

Altars:
Ashenzari
Cheibriados
Dithmenos
Elyvilon
Fedhas
Gozag
Hepliaklqana
Kikubaaqudgha
Makhleb
Nemelex Xobeh
Okawaru
Qazlal
Ru
Sif Muna
Trog
Uskayaw
Vehumet
Wu Jian
Xom
Yredelemnul
Zin
The Shining One

Shops:
D:6 :   D:9 *

Annotations:
D:4 3 runed translucent doors, exclusion: 3 doors, safid's ghost, novice HOFi


Innate Abilities, Weirdness & Mutations

You are immune to sickness and miasma.
You are immune to poison.
Your flesh is very heat resistant. (rF++)
You are vulnerable to cold. (rC-)
You float through the air rather than walking.
You learn spells naturally, not from books.
Your magical power is your life essence.
You have superior vitality. (+4 HP)


Message History

You start resting.
HP restored.
Unknown command.
There is a stone staircase leading up here.
You fly upwards.
The wyvern misses you. The eight-headed hydra misses you.
The eight-headed hydra bites you.
The eight-headed hydra closely misses you.
The eight-headed hydra bites you! The eight-headed hydra bites you.
The eight-headed hydra bites you!
The eight-headed hydra completely misses you. x2
The wyvern closely misses you.
There is a stone staircase leading down here.
You radiate an aura of cold.
The eight-headed hydra seems to slow down.
The wyvern seems to slow down.
The basilisk seems to slow down.
The wyvern closely misses you. The eight-headed hydra bites you!
The eight-headed hydra bites you.
The eight-headed hydra barely misses you.
The eight-headed hydra bites you. The eight-headed hydra bites you!
The eight-headed hydra closely misses you.
The eight-headed hydra bites you!
* * * LOW HITPOINT WARNING * * *
The eight-headed hydra misses you. The basilisk gazes at you.
You easily resist.
You fly downwards.
You radiate an aura of cold.
The wyvern seems to slow down.
The eight-headed hydra seems to slow down.
There is a stone staircase leading up here.
Casting: Spider Form (dangerous; 4% risk of failure)
Confirm with . or Enter, or press ? or * to list all spells.
Okay, then.
Okay, then.
As you read the scroll of teleportation, it crumbles to dust.
You feel strangely unstable. The wyvern completely misses you.
The eight-headed hydra barely misses you.
The eight-headed hydra closely misses you.
The eight-headed hydra bites you!
* * * LOW HITPOINT WARNING * * *
The eight-headed hydra bites you!
You die...

### ..#
########.#
#......#.#
#.####.#.#
#.# #†#.###
#.# #(....#
#.######D#.#
#.......l@.#
############


You could see an eight-headed hydra (slow) and a wyvern (slow).

Vanquished Creatures
  Harold (D:8)
  2 two-headed ogres
  Pikel (D:7)
  An elephant (D:12)
  Maurice (D:8)
  Joseph (D:9)
  A gargoyle (D:10)
  Grinder (D:6)
  A troll (D:11)
  12 yaks
  2 wyverns
  A steam dragon (D:8)
  An acid dragon (D:8)
  A water moccasin (D:7)
  4 orc warriors
  An ice beast (D:5)
  A black bear (D:5)
  2 sky beasts
  2 necrophages
  5 centaurs
  An ogre (D:6)
  A lemure (D:7)
  A phantom (D:6)
  2 kobold brigands
  A gnoll sergeant (D:7)
  3 bullfrogs
  2 scorpions
  A wyvern zombie (D:7)
  A water moccasin zombie (D:5)
  6 killer bees (D:7)
  3 electric eels (D:9)
  2 wights (D:6)
  8 howler monkeys
  A centaur zombie (D:9)
  2 bullfrog zombies
  3 hounds
  3 jellies
  2 centaur skeletons
  An orc priest (D:7)
  3 gnoll shamans
  Jessica (D:2)
  3 iguanas
  A scorpion zombie (D:5)
  12 orc wizards
  A killer bee zombie (D:8)
  18 gnolls
  A howler monkey skeleton (D:7)
  2 howler monkey zombies
  7 river rats
  8 adders
  2 adder skeletons (D:4)
  3 worms
  3 dart slugs
  23 orcs
  12 ball pythons
  8 bats
  10 endoplasms
  6 giant cockroaches
  9 goblins
  10 hobgoblins
  16 kobolds
  7 quokkas
  7 frilled lizards
  30 rats
289 creatures vanquished.

Vanquished Creatures (collateral kills)
  A wight (D:6)
1 creature vanquished.

Vanquished Creatures (others)
  A kobold (D:9)
  32 plants (D:9)
33 creatures vanquished.

Grand Total: 323 creatures vanquished

Notes
Turn   | Place    | Note
-------+----------+-------------------------------------------
     0 | D:1      | belegose the Djinni Transmuter began the quest for the Orb.
     0 | D:1      | Reached XP level 1. HP: 17/17 MP: 0/0
   436 | D:1      | Reached XP level 2. HP: 13/22 MP: 0/0
  1188 | D:1      | Reached XP level 3. HP: 17/27 MP: 0/0
  1188 | D:1      | Learned a level 1 spell: Corona
  1915 | D:1      | Found a faded altar of an unknown god.
  2240 | D:1      | Reached skill level 1 in Stealth
  2849 | D:2      | Noticed Jessica
  2874 | D:2      | Killed Jessica
  2875 | D:2      | Reached XP level 4. HP: 8/33 MP: 0/0
  3583 | D:3      | Reached XP level 5. HP: 31/38 MP: 0/0
  3583 | D:3      | Learned a level 2 spell: Static Discharge
  3584 | D:3      | Found a glowing drain.
  3620 | Sewer    | Entered a sewer
  4490 | Sewer    | Reached XP level 6. HP: 39/45 MP: 0/0
  4939 | Sewer    | Reached XP level 7. HP: 16/49 MP: 0/0
  4939 | Sewer    | Learned a level 3 spell: Call Canine Familiar
  6645 | D:4      | You are sucked into a shaft and drop 3 floors!
  6996 | D:7      | Reached XP level 8. HP: 46/57 MP: 0/0
  7307 | D:7      | Reached skill level 5 in Unarmed Combat
  7345 | D:7      | Reached skill level 5 in Dodging
  7902 | D:6      | Found Ruuqax's Book Boutique.
  7910 | D:5      | Entered Level 5 of the Dungeon
  7947 | D:5      | Found a staircase to the Ecumenical Temple.
  8254 | Temple   | Entered the Ecumenical Temple
  8442 | Temple   | Became a worshipper of Makhleb the Destroyer
  8514 | D:4      | You are sucked into a shaft and drop 2 floors!
  8514 | D:6      | Found the +4 skin of Zhor {*Englaciate rC+++ SInv}
  8662 | D:5      | Reached XP level 9. HP: 60/63 MP: 0/0
  8662 | D:5      | Learned a level 4 spell: Leda's Liquefaction
  9014 | D:4      | Found a runed translucent gate.
  9023 | D:4      | Found a runed translucent gate.
  9024 | D:4      | Found a runed translucent gate.
  9124 | D:4      | Noticed safid's ghost (novice HOFi)
  9443 | D:3      | Reached skill level 1 in Invocations
  9842 | D:4      | Reached * piety under Makhleb
 10405 | D:5      | Reached skill level 5 in Fighting
 11065 | D:6      | Noticed Grinder
 11076 | D:6      | Killed Grinder
 11511 | D:6      | Reached XP level 10. HP: 63/70 MP: 0/0
 11956 | D:6      | Reached skill level 5 in Stealth
 12407 | D:7      | Reached ** piety under Makhleb
 12491 | D:8      | Noticed Pikel
 12508 | D:7      | Killed Pikel
 12990 | D:8      | Reached skill level 5 in Spellcasting
 13247 | D:9      | Noticed Harold
 13737 | D:8      | Killed Harold
 13953 | D:9      | Noticed Maurice
 13962 | D:8      | Paralysed by Maurice for 2 turns
 13975 | D:8      | Killed Maurice
 13976 | D:8      | Reached XP level 11. HP: 23/78 MP: 0/0
 13976 | D:8      | Learned a level 4 spell: Summon Ice Beast
 14754 | D:9      | Noticed a two-headed ogre
 14788 | D:8      | Killed a two-headed ogre
 14789 | D:8      | Reached skill level 5 in Invocations
 15057 | D:9      | HP: 1/79 [yak (16)]
 15444 | D:9      | Noticed Joseph
 15465 | D:9      | Killed Joseph
 15702 | D:9      | Found Zin's Purification Station.
 15703 | D:9      | Found a glowing silver altar of Zin.
 16028 | D:10     | Entered Level 10 of the Dungeon
 16675 | D:10     | Reached *** piety under Makhleb
 16803 | D:10     | Noticed a two-headed ogre
 16824 | D:10     | Killed a two-headed ogre
 17260 | D:11     | Identified the +1 ring mail of the Eight Boll Weevils
                  | {rCorr Dex-2 SInv}
 17406 | D:11     | Noticed an elephant
 17425 | D:11     | Noticed an eight-headed hydra
 17426 | D:11     | Noticed a two-headed ogre
 17451 | D:12     | Killed an elephant
 17650 | D:12     | HP: 3/79 [eight-headed hydra (11)]
 17650 | D:12     | Mangled by an eight-headed hydra

Illustrated notes

Levels and vault maps discovered:
D:1:      wander_arrival_peaceful_grave, layout_basic,
          shapermc_ecumenical_altar_acropolis, chequers_hall_statues_y
D:2:      layout_loops_ring, uniq_jessica
D:3:      layout_basic, gup_sewer_entry_bubbles
D:4:      layout_layer_cave, ebering_ghost_rock_garden, minmay_goblin_outpost
D:5:      layout_loops_ring, temple_pool_b, hangedman_abyss_or_decor_passed,
          item_on_display_a
D:6:      layout_loops_ring, serial_shops, nicolae_shop_stone, uniq_grinder
D:7:      layout_basic, grunt_decor_arrowhead
D:8:      layout_rooms, uniq_pikel
D:9:      layout_loops_ring, zin_purify, serial_bayou_lagoon_b, uniq_harold,
          uniq_joseph, uniq_maurice
D:10:     layout_roguey
D:11:     layout_roguey, david_lair_generic, nemelex_diamond_rough_becter
D:12:     layout_basic, david_orc_2, serial_shops, shop_fountains
Temple:   minmay_crystal_snake_temple

Skill      XL: |  1  2  3  4  5  6  7  8  9 10 11 |
---------------+----------------------------------+-----
Stealth        | 1 2 3 4 5 6 |  6.8
Spellcasting   | 2 3 4 5 6 |  6.0
Dodging        | 3 4 5 6 7 8 |  8.7
Fighting       | 2 3 4 5 6 7 |  7.6
Unarmed Combat | 4 5 6 7 8 |  8.3
Invocations    | 3 4 6 |  6.0

Action                   |  1- 3 |  4- 6 |  7- 9 | 10-12 || total
-------------------------+-------+-------+-------+-------++-------
Melee: Unarmed           |   153 |   188 |   428 |   453 ||  1222
       Headbutt          |    12 |     2 |     2 |       ||    16
       Punch             |     3 |       |     2 |     8 ||    13
Throw: Dart              |       |       |     5 |       ||     5
       Javelin           |       |       |     4 |     5 ||     9
 Cast: Beastly Appendage |    23 |     2 |     2 |       ||    27
       Static Discharge  |       |    15 |    24 |     1 ||    40
       Spider Form       |       |       |    24 |    23 ||    47
       Corona            |       |       |     1 |       ||     1
       Call Canine Famil |       |       |     3 |     6 ||     9
       Ice Form          |       |       |       |     3 ||     3
 Abil: End Transformatio |       |       |       |     1 ||     1
Evoke: Wand              |       |       |       |     1 ||     1
  Use: Scroll            |       |     4 |     6 |     7 ||    17
       Potion            |       |     1 |     1 |       ||     2
 Stab: Sleeping          |     2 |     2 |     7 |     4 ||    15
       Distracted        |       |     1 |     1 |     3 ||     5
Armor: Robe              |    31 |    42 |    25 |       ||    98
       Skin              |       |       |     5 |     7 ||    12
       Animal skin       |       |       |    24 |    27 ||    51
Dodge: Dodged            |    96 |   110 |   327 |   399 ||   932
